 Dungeon Crawl Stone Soup version 0.25-a0-294-gea9b1ad378 (webtiles) character file.

Game seed: 14537869368568050378, levelgen mode: deterministic

143919 Goblin1989 the Bludgeoner (level 16, 0/129 HPs)
             Began as a Demonspawn Transmuter on Dec 17, 2019.
             Was a High Priest of Sif Muna.
             Killed from afar by a fire dragon (23 damage)
             ... with a blast of flame
             ... on level 4 of the Swamp on Dec 19, 2019.
             The game lasted 01:36:41 (29933 turns).

Goblin1989 the Bludgeoner (Demonspawn Transmuter)  Turns: 29933, Time: 01:36:42

Health: 0/129      AC: 19    Str: 18    XL:     16   Next: 83%
Magic:  26/26      EV: 18    Int: 15    God:    Sif Muna [*****.]
Gold:   2109       SH: 10    Dex: 15    Spells: 17/19 levels left

rFire    + . .     SeeInvis +   b - +6 shillelagh "Devastator" {shatter}
rCold    + . .     Gourm    .   i - +0 buckler
rNeg     . . .     Faith    .   q - +0 swamp dragon scales
rPois    +         Spirit   .   (helmet unavailable)
rElec    .         Reflect  +   N - scarf {cloud immunity}
rCorr    +         Harm     .   D - +2 pair of gloves
MR       +....                  d - +1 pair of boots of Articulation {Regen+ rCorr Str-3}
Stlth    +++.......             u - +5 amulet of reflection
HPRegen  1.71/turn              f - ring of protection from fire
MPRegen  0.20/turn              c - ring of protection from cold

@: mighty, lethally poisoned (0 -> 0), very slightly contaminated
A: antennae 3, yellow scales 2, nightstalker 2, powered by death 3
a: Channel Magic, Forget Spell, Divine Exegesis, Renounce Religion


You were on level 4 of the Swamp.
You worshipped Sif Muna.
Sif Muna was extremely pleased with you.
You were not hungry.

You visited 5 branches of the dungeon, and saw 28 of its levels.
You also visited: Ossuary, Gauntlet and Ice Cave.

You collected 3197 gold pieces.
You spent 1088 gold pieces at shops.

Inventory:

Hand Weapons
 a - a +2 eveningstar of crushing
 b - the +6 shillelagh "Devastator" (weapon) {shatter}
   (You found it on level 4 of the Dungeon)
 x - the +8 trident of the Octopus King {venom, rElec rPois MR+}
   (You found it on level 10 of the Dungeon)

   It poisons the flesh of those it strikes.
   It insulates you from electricity.
   It protects you from poison.
   It affects your resistance to hostile enchantments.
Missiles
 H - 19 silver javelins (quivered) {@Q2}
 Z - 7 throwing nets {!d , @Q1}
Armour
 d - the +1 pair of boots of Articulation (worn) {Regen+ rCorr Str-3}
   (You found it in a Gauntlet)

   It affects your strength (-3).
   It increases your rate of regeneration.
   It provides partial protection from all sources of acid and corrosion.
 i - a +0 buckler (worn)
 n - the +8 chain mail of the Rose {rN++ Int+3 SInv Stlth-}
   (You found it on level 9 of the Dungeon)

   It affects your intelligence (+3).
   It greatly protects you from negative energy.
   It lets you see invisible.
   It makes you less stealthy.
 q - +0 swamp dragon scales (worn)
 v - the +1 cloak of Starlight {rElec rC+ EV+4 Stlth--}
   (You found it in a Gauntlet)

   It affects your evasion (+4).
   It protects you from cold.
   It insulates you from electricity.
   It makes you much less stealthy.
 D - a +2 pair of gloves (worn)
 N - a scarf of cloud immunity (worn)
Jewellery
 c - a ring of protection from cold (right hand)
 f - a ring of protection from fire (left hand)
 p - an uncursed ring of wizardry
 u - a +5 amulet of reflection (around neck)
 O - a +5 ring of intelligence
Wands
 o - a wand of acid (10) {@v2}
 C - a wand of digging (8) {@v1}
 G - a wand of enslavement (14)
 J - a wand of iceblast (12) {@v4}
 P - a wand of disintegration (30)
 V - a wand of paralysis (31) {@v7}
Scrolls
 l - a scroll of immolation {unknown}
 y - a scroll of vulnerability
 z - 3 scrolls of silence
 B - 2 scrolls of blinking
 E - 2 scrolls of summoning
 F - 4 scrolls of identify {@r1}
 I - 7 scrolls of fear
 M - a scroll of magic mapping
 Q - 6 scrolls of enchant armour
 S - 6 scrolls of remove curse {@r3}
 T - 10 scrolls of teleportation {!r, @r2}
 W - 6 scrolls of amnesia
 X - 4 scrolls of fog
Potions
 h - 2 potions of agility {@q5}
 k - a potion of lignification
 m - 6 potions of curing {@q1}
 r - 5 potions of haste {@q3,}
 s - 2 potions of flight
 t - a potion of magic
 w - a potion of ambrosia
 A - 2 potions of heal wounds {@q2}
 K - a potion of might {@q4}
 R - 2 potions of mutation {!q}
 U - 5 potions of brilliance
Miscellaneous
 L - a fan of gales
 Y - a lamp of fire
Comestibles
 e - 33 rations


   Skills:
 + Level 12.8 Fighting
 * Level 15.9 Maces & Flails
 + Level 11.3 Armour
 + Level 11.5 Dodging
 - Level 4.1 Shields
 - Level 2.6 Unarmed Combat
 - Level 2.0 Spellcasting
 - Level 1.7 Transmutations
 + Level 13.4 Invocations
 - Level 7.0 Evocations


You had 17 spell levels left.
You knew the following spells:

 Your Spells              Type           Power        Failure   Level  Hunger
a - Beastly Appendage     Tmut           #.....       17%         1    #......
o - Apportation           Tloc           #.....       34%         1    #......

Your spell library contained the following spells:

 Spells                   Type           Power        Failure   Level  Hunger
 Sting                    Tmut/Pois      #...         24%         1    #......
 Sticks to Snakes         Tmut           #.......     26%         2    ###....
 Animate Skeleton         Necr           N/A          34%         1    #......
 Corona                   Hex            #......      34%         1    #......
 Foxfire                  Conj/Fire      #...         34%         1    #......
 Infusion                 Chrm           #...         34%         1    #......
 Magic Dart               Conj           #...         34%         1    #......
 Pain                     Necr           #...         34%         1    #......
 Shock                    Conj/Air       #...         34%         1    #......
 Summon Butterflies       Summ           #.......     34%         1    #......
 Summon Small Mammal      Summ           #...         34%         1    #......
 Passwall                 Tmut/Erth      #.......     36%         2    ###....
 Blink                    Tloc           N/A          45%         2    ###....
 Call Imp                 Summ           #.......     45%         2    ###....
 Corpse Rot               Necr/Air       N/A          45%         2    ###....
 Ensorcelled Hibernation  Hex/Ice        #.....       45%         2    ###....
 Poisonous Vapours        Pois/Air       #.....       45%         2    ###....
 Shroud of Golubria       Chrm/Tloc      #.....       45%         2    ###....
 Slow                     Hex            #.......     45%         2    ###....
 Song of Slaying          Chrm           #.......     45%         2    ###....
 Sublimation of Blood     Necr           #.........   45%         2    ###....
 Spider Form              Tmut/Pois      #.........   58%         3    ###....
 Ignite Poison            Fire/Tmut/Pois #.......     63%         3    ###....
 Call Canine Familiar     Summ           #.......     71%         3    ###....
 Confuse                  Hex            #.......     71%         3    ###....
 Conjure Flame            Conj/Fire      #.......     71%         3    ###....
 Dazzling Flash           Conj/Hex       #.....       71%         3    ###....
 Gell's Gravitas          Tloc           #.........   71%         3    ###....
 Inner Flame              Hex/Fire       #.......     71%         3    ###....
 Lesser Beckoning         Tloc           #.........   71%         3    ###....
 Mephitic Cloud           Conj/Pois/Air  #.......     71%         3    ###....
 Portal Projectile        Hex/Tloc       #.....       71%         3    ###....
 Recall                   Summ/Tloc      N/A          71%         3    ###....
 Regeneration             Chrm/Necr      #.........   71%         3    ###....
 Spectral Weapon          Hex/Chrm       #.......     71%         3    ###....
 Static Discharge         Conj/Air       #.......     71%         3    ###....
 Stone Arrow              Conj/Erth      #.....       71%         3    ###....
 Summon Guardian Golem    Hex/Summ       #.......     71%         3    ###....
 Teleport Other           Tloc           #.......     71%         3    ###....
 Tukima's Dance           Hex            #.......     71%         3    ###....
 Ice Form                 Ice/Tmut       #.......     94%         4    #####..
 Petrify                  Tmut/Erth      #.......     94%         4    #####..
 Animate Dead             Necr           N/A          98%         4    #####..
 Cause Fear               Hex            #.........   98%         4    #####..
 Iskenderun's Mystic Bla  Conj/Tloc      #.......     98%         4    #####..
 Leda's Liquefaction      Hex/Erth       #.........   98%         4    #####..
 Olgreb's Toxic Radiance  Pois           #.......     98%         4    #####..
 Passage of Golubria      Tloc           N/A          98%         4    #####..
 Summon Ice Beast         Ice/Summ       #.......     98%         4    #####..
 Summon Lightning Spire   Summ/Air       #.......     98%         4    #####..
 Blade Hands              Tmut           #.........   99%         5    ######.
 Alistair's Intoxication  Tmut/Pois      #.......     100%        5    ######.
 Bolt of Magma            Conj/Fire/Erth #.........   100%        5    ######.
 Excruciating Wounds      Chrm/Necr      #.........   100%        5    ######.
 Metabolic Englaciation   Hex/Ice        #.........   100%        5    ######.
 Summon Mana Viper        Hex/Summ       #.......     100%        5    ######.
 Darkness                 Hex            #.........   100%        6    #######
 Death Channel            Necr           #.........   100%        6    #######
 Freezing Cloud           Conj/Ice/Air   #.........   100%        6    #######
 Ozocubu's Refrigeration  Ice            #.........   100%        6    #######
 Simulacrum               Ice/Necr       #.........   100%        6    #######
 Summon Hydra             Summ           #.........   100%        7    #######
 Necromutation            Tmut/Necr      #.........   100%        8    #######


Dungeon Overview and Level Annotations

Branches:
Dungeon (15/15)            Temple (1/1) D:6            Lair (6/6) D:8
  Swamp (4/4) Lair:2       Spider (0/4) Lair:2        Slime (0/5) Lair:6
    Orc (2/2) D:9             Elf (0/3) Orc:2        Vaults (0/5) D:14
 Depths (0/5) D:15        Ossuary (visited)           IceCv (visited)
Gauntlet (visited)

Altars:
Ashenzari
Cheibriados
Dithmenos
Elyvilon
Fedhas
Gozag
Hepliaklqana
Kikubaaqudgha
Makhleb
Nemelex Xobeh
Okawaru
Qazlal
Ru
Sif Muna
Trog
Uskayaw
Vehumet
Wu Jian
Xom
Yredelemnul
Zin
The Shining One
Beogh
Jiyva

Shops:
D:8 ?   D:14 *   Orc:1 (   Orc:2 *!}=

Annotations:
D:1 exclusion: downstairs
D:3 1 runed translucent door, Crazy Yiuf
D:5 2 transporters, floatRand's ghost, novice GnFi
Lair:2 exclusion: oklob plant
Lair:3 1 runed translucent door
Swamp:1 1 runed translucent door, Borgoz's ghost, adept GrFi
Swamp:4 1 transporter


Innate Abilities, Weirdness & Mutations

You have a pair of large antennae on your head. (SInv)
You are mostly covered in yellow scales. (AC +3)
You are significantly more attuned to the shadows.
You regenerate a lot of health from kills.


Message History

The swamp dragon is lightly wounded.
The fire dragon is lightly wounded.
The swamp dragon is severely wounded.
You feel sick. The fire dragon bites you! You block the fire dragon's attack.
The fire dragon tramples you but does no damage.
The swamp dragon is engulfed in a cloud of scalding steam.
The swamp dragon misses you.
The swamp dragon claws you but does no damage.
The swamp dragon completely misses you. The swamp dragon bites you!
* * * LOW HITPOINT WARNING * * *
The swamp dragon closely misses you. You block the swamp dragon's attack.
You block the fire dragon's attack. The fire dragon barely misses you.
The fire dragon completely misses you. You block the fire crab's attack.
The fire crab misses you.
You take 16 damage, and have 55/129 hp.
Unknown command.
Unknown command.
You hit the swamp dragon but do no damage.
The swamp dragon is almost dead.
The swamp dragon is engulfed in a cloud of scalding steam.
The swamp dragon bites you.
* * * LOW HITPOINT WARNING * * *
The swamp dragon misses you.
The swamp dragon tramples you but does no damage.
You block the fire dragon's attack. The fire dragon closely misses you.
The fire dragon tramples you.
* * * LOW HITPOINT WARNING * * *
You hold your ground!
The swamp dragon is engulfed in a cloud of scalding steam.
The swamp dragon bites you!
* * * LOW HITPOINT WARNING * * *
You block the swamp dragon's attack. The swamp dragon closely misses you.
The swamp dragon misses you.
The swamp dragon claws you but does no damage.
The swamp dragon misses you.
You take 15 damage, and have 40/129 hp.
You hit the swamp dragon but do no damage.
The swamp dragon is almost dead.
The lindwurm completely misses you.
The lindwurm claws you but does no damage.
The lindwurm claws you.
* * * LOW HITPOINT WARNING * * *
The fire dragon breathes flames at you. The blast of flame hits you!
You resist.
* * * LOW HITPOINT WARNING * * *
The blast of flame hits the fire dragon.
The fire dragon resists.
The fire crab barely misses you. You block the fire crab's attack.
You hear a roar!
You take 15 damage, and have 25/129 hp.
Unknown command.
Blink to where?
Press: ? - help, Dir - move target cursor You are very lightly contaminated with residual magic.
As you read the scroll of blinking, it crumbles to dust.
You regained 2 hp, and now have 27/129 hp.
Evoke which item? (* to show all) (? for menu, Esc to quit)
Aiming: Iceblast
Press: ? - help, Shift-Dir - straight line The mass of ice explodes!
The iceblast engulfs the fire dragon!
The fire dragon is frozen!
The fire dragon is moderately wounded.
The iceblast engulfs the lindwurm!
The lindwurm is moderately wounded.
The iceblast engulfs the fire dragon!
The fire dragon is frozen!
The fire dragon is moderately wounded.
You feel sick.
The swamp dragon is engulfed in a cloud of scalding steam.
You regained 2 hp, and now have 29/129 hp.
Unknown command.
Unknown command.
You feel very mighty all of a sudden.
You regained 2 hp, and now have 31/129 hp.
You sock the lindwurm!
The lindwurm and the fire dragon shudder.
The lindwurm is heavily wounded.
The fire dragon is moderately wounded.
The lindwurm is heavily wounded.
You block the lindwurm's attack. x2; The lindwurm barely misses you.
The fire dragon breathes flames at you. The blast of flame hits you!
You resist.
* * * LOW HITPOINT WARNING * * *
You take 10 damage, and have 21/129 hp.
Unknown command.
Unknown command.
Unknown command.
Your swamp dragon scales prevents you from hitting the lindwurm.
The lindwurm is heavily wounded.
Unknown command.
Unknown command.
You sock the lindwurm!
The lindwurm and the fire dragons shudder.
You kill the lindwurm!
Sif Muna accepts your kill.
The fire dragon is moderately wounded.
The swamp dragon is engulfed in a cloud of scalding steam.
The fire dragon breathes flames at you. The blast of flame misses you.
The fire dragon breathes flames at you. The blast of flame hits you!!
You resist.
You die...

≈≈≈♣█ █♣.§≈♣♣ ..♣
♣≈♣█ █♣♣≈.♣♣ ♣♣..♣
█♣█ { █♣≈≈♣♣≈.≈...
█♣≈♣≈...≈.≈≈ {
♣≈≈♣.≈.≈≈.≈
█♣..§≈≈≈.≈.
█♣≈§...≈.. {
♣≈≈..§...♣ {
█♣≈@≈..≈.≈
♣≈†....♣.♣
█♣DDDD...♣ ≈
█♣t[D≈..≈...
.$.♣██♣≈D)≈≈..≈≈≈.
≈.§{≈≈§§†≈.....≈..
.≈≈♣.≈.{.D..≈..≈.♣
.≈..≈.D≈...≈.≈.≈.
...≈..≈..≈≈≈....♣


You could see 2 fire dragons, 4 swamp dragons and a fire crab.

Vanquished Creatures
  Rupert (Lair:3)
  A thorn hunter (Swamp:2)
  A frost giant (D:15)
  2 entropy weavers (Lair:5)
  Nessos (D:15)
  A minotaur (Gauntlet)
  An ettin (D:14)
  A fire dragon (Swamp:4)
  4 ogre magi (Orc:2)
  21 hydras
  2 ghost crabs (Swamp:2)
  4 vault guards (D:14)
  Harold (D:8)
  A shambling mangrove (Swamp:2)
  6 centaur warriors
  8 alligators
  3 death yaks (Lair:6)
  2 queen ants
  18 two-headed ogres
  A tengu warrior (D:15)
  2 fire crabs
  3 unseen horrors
  A spriggan druid (Swamp:3)
  A wizard (D:14)
  9 swamp dragons
  A lindwurm (Swamp:4)
  17 ugly things
  An orc knight (D:14)
  A manticore (D:14)
  5 cyclopes
  2 worldbinders (Gauntlet)
  A centaur zombie (D:14)
  3 black mambas
  6 elephants (Lair:5)
  4 ice statues
  2 torpor snails
  2 gargoyles
  23 spiny frogs
  A yaktaur (D:15)
  3 efreet
  A freezing wraith (Lair:6)
  A rime drake (Lair:3)
  4 komodo dragons
  A merfolk (D:10)
  2 tengu conjurers (D:15)
  5 jumping spiders (Lair:2)
  5 trolls
  4 polar bears
  9 tyrant leeches
  A queen bee (Gauntlet)
  10 hornets
  7 hippogriffs
  7 bog bodies
  8 slime creatures
  23 blink frogs
  4 shadows
  3 redbacks (Lair:2)
  5 spriggans
  A vampire (D:14)
  48 yaks
  A wyvern (D:15)
  3 basilisks
  2 steam dragons (Swamp:4)
  2 wraiths (D:14)
  2 hungry ghosts
  21 vampire mosquitoes
  A warg (Orc:2)
  An acid dragon (D:15)
  23 insubstantial wisps
  22 soldier ants
  10 swamp worms
  15 orc warriors
  10 porcupines
  10 water moccasins
  A hornet zombie (D:13)
  Purgy (D:3)
  A black bear (shapeshifter) (D:14)
  A black bear (Lair:1)
  3 necrophages
  4 phantoms
  8 swamp drakes
  23 ice beasts
  4 sky beasts
  7 boggarts
  9 wolves (Lair:1)
  7 centaurs
  32 ogres
  10 crocodiles
  A big kobold (D:8)
  26 bullfrogs
  2 wyvern zombies (D:11)
  A wyvern skeleton (D:11)
  2 scorpions
  21 killer bees
  13 wights
  2 electric eels
  A howler monkey (D:14)
  3 crimson imps
  A bullfrog zombie (D:9)
  4 jellies
  2 quasits
  9 hounds
  15 orc priests
  2 bullfrog skeletons
  2 centaur skeletons
  An iguana (D:6)
  Terence (D:2)
  16 orc wizards
  32 worker ants
  2 killer bee zombies
  4 hound skeletons
  2 mummies (Ossuary)
  A howler monkey zombie (D:6)
  Robin (D:3)
  9 adders
  A shadow imp (D:9)
  2 white imps (Lair:6)
  5 adder zombies
  3 worms
  5 dart slugs
  5 leopard geckos
  57 orcs
  9 bats
  7 giant cockroaches
  24 goblins
  10 hobgoblins
  21 jackals
  A quokka (D:2)
  4 ball pythons
  8 frilled lizards
  A gnoll zombie (Ossuary)
  8 hobgoblin zombies (Ossuary)
  13 kobolds
  5 kobold zombies (Ossuary)
  5 orc zombies (Ossuary)
  A quokka skeleton (D:9)
  4 rats
  2 fungi
928 creatures vanquished.

Vanquished Creatures (others)
  An unseen horror (D:14)
  A steam dragon (Swamp:4)
  2 vampire mosquitoes (Swamp:2)
  3 insubstantial wisps (Swamp:2)
  6 swamp drakes
  2 demonic plants (Gauntlet)
  6 fungi
  18 plants
39 creatures vanquished.

Grand Total: 967 creatures vanquished

Notes
Turn   | Place    | Note
-------+----------+-------------------------------------------
     0 | D:1      | Goblin1989 the Demonspawn Transmuter began the quest for
                  | the Orb.
     0 | D:1      | Reached XP level 1. HP: 15/15 MP: 3/3
   299 | D:1      | Gained mutation: You are partially covered in yellow
                  | scales. (AC +2) [demonic ancestry]
   299 | D:1      | Reached XP level 2. HP: 19/22 MP: 5/5
  1285 | D:2      | Gained mutation: You have a pair of small antennae on your
                  | head. [demonic ancestry]
  1285 | D:2      | Reached XP level 3. HP: 29/29 MP: 6/6
  1457 | D:2      | Noticed Terence
  1546 | D:2      | Killed Terence
  1546 | D:2      | Reached XP level 4. HP: 21/37 MP: 7/7
  2124 | D:2      | Reached skill level 1 in Maces & Flails
  2325 | D:3      | Noticed Purgy
  2697 | D:3      | Reached skill level 1 in Shields
  3056 | D:3      | Gained mutation: You regenerate a little health from kills.
                  | [demonic ancestry]
  3056 | D:3      | Reached XP level 5. HP: 21/42 MP: 5/8
  3274 | D:3      | Reached skill level 2 in Maces & Flails
  3439 | D:3      | Killed Purgy
  3771 | D:3      | Reached skill level 3 in Maces & Flails
  4146 | D:3      | Found a runed translucent door.
  4147 | D:3      | Noticed Crazy Yiuf
  4395 | D:3      | Reached XP level 6. HP: 48/48 MP: 9/9
  4532 | D:3      | Noticed Robin
  4596 | D:3      | Killed Robin
  5165 | D:4      | Reached skill level 4 in Maces & Flails
  5549 | D:4      | Gained mutation: You have a pair of antennae on your head.
                  | [demonic ancestry]
  5549 | D:4      | Reached XP level 7. HP: 40/54 MP: 6/10
  5952 | D:4      | Found the +6 shillelagh "Devastator" {shatter}
  6248 | D:5      | Entered Level 5 of the Dungeon
  6288 | D:4      | Reached skill level 5 in Maces & Flails
  6595 | D:5      | Found a transporter.
  6602 | D:5      | Noticed floatRand's ghost (novice GnFi)
  6640 | D:5      | Found a transporter.
  7046 | D:5      | Reached skill level 1 in Armour
  7412 | D:6      | Gained mutation: You are slightly more attuned to the
                  | shadows. [demonic ancestry]
  7412 | D:6      | Reached XP level 8. HP: 51/60 MP: 9/11
  7487 | D:6      | Reached skill level 6 in Maces & Flails
  7825 | D:6      | Found a staircase to the Ecumenical Temple.
  7841 | Temple   | Entered the Ecumenical Temple
  7902 | Temple   | Became a worshipper of Sif Muna the Loreminder
  8438 | D:7      | Found a sand-covered staircase.
  8445 | Ossuary  | Entered an ossuary
  8516 | Ossuary  | Reached * piety under Sif Muna
  8605 | D:7      | Got a twisted ring mail
  8643 | D:7      | Reached skill level 7 in Maces & Flails
  8744 | D:7      | Found a radiant altar of Vehumet.
  9040 | D:7      | Got a smoking ring mail
  9297 | D:8      | Gained mutation: You are significantly more attuned to the
                  | shadows. [demonic ancestry]
  9297 | D:8      | Reached XP level 9. HP: 62/66 MP: 12/12
  9305 | D:8      | Noticed Harold
  9318 | D:7      | Identified the +6 ring mail "Dyba" {Regen+ Int+2} (You
                  | found it on level 7 of the Dungeon)
  9328 | D:7      | Identified the +5 ring mail of the Slightly Bent {Dex+7}
                  | (You found it on level 7 of the Dungeon)
  9343 | D:8      | Found Qokelaar's Magic Scroll Emporium.
  9348 | D:8      | Bought a scroll of fog for 26 gold pieces
  9348 | D:8      | Bought a scroll of fear for 45 gold pieces
  9348 | D:8      | Bought a scroll of identify for 26 gold pieces
  9348 | D:8      | Bought a scroll of amnesia for 45 gold pieces
  9348 | D:8      | Bought a scroll of summoning for 123 gold pieces
  9348 | D:8      | Bought a scroll of silence for 97 gold pieces
  9374 | D:8      | Reached ** piety under Sif Muna
  9384 | D:8      | Killed Harold
  9384 | D:8      | Reached skill level 5 in Fighting
  9384 | D:8      | Reached skill level 8 in Maces & Flails
  9681 | D:8      | Paralysed by a hornet for 3 turns
  9784 | D:8      | Found a staircase to the Lair.
  9991 | D:8      | Reached skill level 9 in Maces & Flails
 10111 | D:9      | Gained mutation: You regenerate health from kills. [demonic
                  | ancestry]
 10111 | D:9      | Reached XP level 10. HP: 76/76 MP: 13/13
 10134 | D:9      | Found a burning altar of Makhleb.
 10134 | D:9      | Found a shattered altar of Ashenzari.
 10134 | D:9      | Found a bloodstained altar of Trog.
 10197 | D:9      | Found a staircase to the Orcish Mines.
 10215 | D:9      | Got an ichor-stained chain mail
 10229 | D:8      | Identified the +8 chain mail of the Rose {rN++ Int+3 SInv
                  | Stlth-} (You found it on level 9 of the Dungeon)
 10303 | D:9      | Noticed a two-headed ogre
 10307 | D:9      | Killed a two-headed ogre
 10307 | D:9      | Reached skill level 5 in Dodging
 10445 | D:9      | Found a sparkling altar of Nemelex Xobeh.
 10482 | D:9      | Reached *** piety under Sif Muna
 10557 | D:9      | Reached skill level 10 in Maces & Flails
 10725 | D:9      | Reached skill level 5 in Armour
 10767 | D:10     | Entered Level 10 of the Dungeon
 10781 | D:10     | Noticed an unseen horror
 10786 | D:10     | Reached skill level 1 in Invocations
 10793 | D:10     | Killed an unseen horror
 11010 | D:10     | Found a bloodstained altar of Trog.
 11024 | D:10     | Noticed an unseen horror
 11033 | D:10     | Killed an unseen horror
 11200 | Lair:1   | Entered Level 1 of the Lair of Beasts
 11210 | Lair:1   | Reached XP level 11. HP: 84/84 MP: 12/14
 11604 | Lair:1   | Reached skill level 1 in Evocations
 11942 | Lair:1   | Identified a scroll of acquirement
 11953 | Lair:2   | Found a staircase to the Swamp.
 11971 | Lair:2   | Reached skill level 5 in Invocations
 12289 | Lair:2   | Reached **** piety under Sif Muna
 12502 | Lair:2   | Found a hole to the Spider Nest.
 12803 | Lair:2   | Noticed an oklob plant
 13813 | Lair:3   | Noticed Rupert
 13997 | Lair:3   | Reached XP level 12. HP: 87/94 MP: 13/15
 14007 | Lair:3   | Reached skill level 5 in Evocations
 14225 | Lair:3   | Paralysed by Rupert for 3 turns
 14234 | Lair:3   | Killed Rupert
 14373 | Lair:3   | Found a runed translucent door.
 14434 | Lair:3   | Reached skill level 11 in Maces & Flails
 14851 | Lair:3   | Noticed a four-headed hydra
 15785 | Lair:5   | Found a gate leading to a gauntlet.
 15792 | Gauntlet | Entered a Gauntlet
 15801 | Gauntlet | Found a transporter.
 15813 | Gauntlet | Found a transporter.
 15816 | Gauntlet | Found a transporter.
 15819 | Gauntlet | Found a transporter.
 15847 | Gauntlet | Found a transporter.
 15862 | Gauntlet | Found a transporter.
 15862 | Gauntlet | Noticed a queen ant
 15889 | Gauntlet | Found a transporter.
 15915 | Gauntlet | Found a transporter.
 15929 | Gauntlet | Found a transporter.
 15959 | Gauntlet | Noticed a great orb of eyes
 15966 | Gauntlet | Found a transporter.
 15968 | Gauntlet | Found the ring of Shadows {Umbra +Inv Stlth+}
 15988 | Gauntlet | Found a transporter.
 15988 | Gauntlet | Found a transporter.
 16023 | Gauntlet | Noticed a death ooze
 16025 | Gauntlet | Reached ***** piety under Sif Muna
 16090 | Gauntlet | Identified Sif Muna's Incunabulum of Slime {god gift} (Sif
                  | Muna gifted it to you in a Gauntlet)
 16090 | Gauntlet | Received a gift from Sif Muna
 16094 | Gauntlet | Killed a queen ant
 16224 | Gauntlet | Got a pair of scorched boots
 16236 | Gauntlet | Identified the +1 pair of boots of Articulation {Regen+
                  | rCorr Str-3} (You found it in a Gauntlet)
 16338 | Gauntlet | Noticed a minotaur
 16356 | Gauntlet | Killed a minotaur
 16460 | Gauntlet | Found the +1 cloak of Starlight {rElec rC+ EV+4 Stlth--}
 16531 | Lair:5   | Gained mutation: You regenerate a lot of health from kills.
                  | [demonic ancestry]
 16531 | Lair:5   | Reached XP level 13. HP: 101/101 MP: 18/18
 16737 | Lair:5   | Noticed an entropy weaver
 16973 | Lair:5   | Reached skill level 12 in Maces & Flails
 17048 | Lair:5   | Killed an entropy weaver
 17058 | Lair:5   | Noticed an entropy weaver
 17084 | Lair:5   | Killed an entropy weaver
 17216 | Lair:5   | Identified Sif Muna's Tome of Arcane Weapons {god gift}
                  | (Sif Muna gifted it to you on level 5 of the Lair of
                  | Beasts)
 17216 | Lair:5   | Received a gift from Sif Muna
 17751 | Lair:6   | Entered Level 6 of the Lair of Beasts
 17793 | Lair:6   | Reached skill level 10 in Fighting
 18158 | Lair:6   | Gained mutation: You have a pair of large antennae on your
                  | head. (SInv) [demonic ancestry]
 18158 | Lair:6   | Reached XP level 14. HP: 77/111 MP: 7/21
 18401 | Lair:6   | Reached skill level 13 in Maces & Flails
 18477 | Lair:6   | Found a viscous altar of Jiyva.
 18477 | Lair:6   | Found a staircase to the Slime Pits.
 18490 | Lair:6   | Identified Sif Muna's Collected Works on Dark Arts {god
                  | gift} (Sif Muna gifted it to you on level 6 of the Lair of
                  | Beasts)
 18490 | Lair:6   | Received a gift from Sif Muna
 19737 | D:10     | Found the +8 trident of the Octopus King {venom, rElec
                  | rPois MR+}
 19963 | D:10     | Reached skill level 10 in Invocations
 20026 | Orc:1    | Entered Level 1 of the Orcish Mines
 20207 | Orc:1    | Found Oluym's Antique Weapon Shop.
 20288 | Orc:2    | Entered Level 2 of the Orcish Mines
 20423 | Orc:2    | Found a roughly hewn altar of Beogh.
 20572 | Orc:2    | Identified Ylatz's Incunabulum of Dark Malediction {god
                  | gift} (Sif Muna gifted it to you on level 2 of the Orcish
                  | Mines)
 20572 | Orc:2    | Received a gift from Sif Muna
 20657 | Orc:2    | Found Ymuyroirph's Distillery.
 20657 | Orc:2    | Found Ohuab's Jewellery Shoppe.
 20658 | Orc:2    | Found Olis's Assorted Antiques.
 20658 | Orc:2    | Found Pedois's Gadget Shop.
 20781 | Orc:2    | Found a staircase to the Elven Halls.
 21266 | D:11     | Reached skill level 14 in Maces & Flails
 21268 | D:11     | Reached XP level 15. HP: 119/119 MP: 23/23
 21274 | D:11     | Reached skill level 10 in Dodging
 21953 | D:12     | Found a frozen archway.
 21973 | IceCv    | Entered an ice cave
 22290 | D:12     | Received a gift from Sif Muna
 22464 | Orc:2    | Bought a cursed ring of protection from fire for 286 gold
                  | pieces
 22885 | D:13     | Reached skill level 10 in Armour
 23341 | D:14     | Found a gate to the Vaults.
 23449 | D:14     | Found Ryiqoakh's Assorted Antiques.
 23455 | D:14     | Bought a paperback book for 330 gold pieces
 23455 | D:14     | Bought a notched brass ring for 110 gold pieces
 24525 | D:15     | Entered Level 15 of the Dungeon
 24551 | D:15     | Identified Noefegen's Papyrus of Twisted Enhancements {god
                  | gift} (Sif Muna gifted it to you on level 15 of the
                  | Dungeon)
 24551 | D:15     | Received a gift from Sif Muna
 24560 | D:15     | Noticed Nessos
 24571 | D:15     | Killed Nessos
 24587 | D:15     | Learned a level 1 spell: Apportation
 25185 | D:15     | Noticed a frost giant
 25186 | D:15     | Found a staircase to the Depths.
 25202 | D:15     | Killed a frost giant
 25601 | Swamp:1  | Entered Level 1 of the Swamp
 25618 | Swamp:1  | Paralysed by a hornet for 2 turns
 25688 | Swamp:1  | Reached skill level 15 in Maces & Flails
 25934 | Swamp:1  | Gained mutation: You are mostly covered in yellow scales.
                  | (AC +3) [demonic ancestry]
 25934 | Swamp:1  | Reached XP level 16. HP: 127/127 MP: 25/25
 26026 | Swamp:1  | Found a runed translucent door.
 26042 | Swamp:1  | Found a shimmering altar of Xom.
 26042 | Swamp:1  | Noticed Borgoz's ghost (adept GrFi)
 27186 | Swamp:2  | Identified Sif Muna's First Steps in Rites and Rhymes {god
                  | gift} (Sif Muna gifted it to you on level 2 of the Swamp)
 27186 | Swamp:2  | Received a gift from Sif Muna
 27696 | Swamp:2  | Noticed a thorn hunter
 27710 | Swamp:2  | Killed a thorn hunter
 29371 | Swamp:4  | Entered Level 4 of the Swamp
 29432 | Swamp:4  | Found a transporter.
 29933 | Swamp:4  | Killed from afar by a fire dragon

Levels and vault maps discovered:
D:1:      denvon_arrival_waterhouse, layout_basic, chequers_avenue, st_stairs_8,
          glass_columns_a
D:2:      layout_rooms, kennysheep_generic_room_10, uniq_terence
D:3:      kennysheep_goblin_castle, layout_basic, uniq_purgy,
          uniq_crazy_yiuf_cottage
D:4:      layout_basic
D:5:      layout_loops_cross, gammafunk_ghost_stat_death, first_ration,
          water_boxes_lemuel
D:6:      layout_basic, minmay_temple_entry_overgrown
D:7:      layout_basic, vehumet_crystals, chequers_ossuary_entry_cave,
          hangedman_decor_clover_reticule, kennysheep_windowed_goal
D:8:      layout_layer_cave, lair_entry_dummy, serial_shops, shop, uniq_harold
D:9:      layout_loops_cross, gammafunk_temple_overflow_claw,
          nemelex_xobeh_ov_fountains_minmay, david_orc_2
D:10:     layout_rooms, hangedman_fish_farm, kennysheep_crisscross,
          lemuel_altar_in_water
D:11:     layout_cave_pools, special_room [special_room_orc], serial_undead,
          serial_undead_e, serial_undead_a, serial_undead_f, serial_undead_a,
          minmay_misc_feat_alley, hangedman_abyss_or_decor_passed,
          amethyst_killhole
D:12:     layout_roguey, portal_ice_cave_entry_ice_beasts
D:13:     layout_basic
D:14:     four-leaf_vault, layout_cave_pods, lightli_vaults_fourway_checkpoint,
          serial_shops, shop, nicolae_two_hexagons
D:15:     grunt_enter_depths_snipers, layout_loops_cross, chequers_jeans,
          uniq_nessos
Temple:   minmay_crystal_spiral_temple
Lair:1:   layout_loops_ring
Lair:2:   layout_hall_layers, swamp_mist, nicolae_spider_entry_tight_spaces,
          special_room [special_room_bee], lemuel_oklob_altar
Lair:3:   layout_regular_city, pf_torpor_hydra, lemuel_fruit_fields, uniq_rupert
Lair:4:   layout_cave_pods, infiniplex_staircase_pool_2
Lair:5:   layout_roguey, gauntlet_entry_generic, zaba_anthell,
          grunt_megastairs_3
Lair:6:   minmay_lair_end_frog_pond, layout_regular_city, slime_altar_1,
          ice2_lemuel
Swamp:1:  layout_basic_swamp, ebering_ghost_xom, evilmike_swamp_ruin_rubble_2
Swamp:2:  layout_basic_swamp, evilmike_swamp_ruin_house_6, swamp_pool1
Swamp:3:  layout_basic_swamp, hangedman_swamp_lotus, swamp_pool5, st_swamp_mini
Swamp:4:  swamp_fiery, layout_basic_swamp, gammafunk_ghost_berserking_beasts,
          swamp_pool1, hangedman_swamp_blocks, infiniplex_staircase_pool
Orc:1:    layout_caves, serial_shops,
          nicolae_shop_temple_entry_statues_fountains
Orc:2:    st_orc_ogre_mass, layout_diamond_mine, david_defended_altar_orc

Skill      XL: |  1  2  3  4  5  6  7  8  9 10 11 12 13 14 15 16 |
---------------+-------------------------------------------------+-----
Fighting       | 2 3 4 6 7 8 9 10 11 12 | 12.8
Maces & Flails | 1 3 4 5 7 9 10 11 12 14 15 | 15.9
Shields        | 1 2 3 4 |  4.1
Armour         | 1 3 4 5 6 7 8 9 10 11 | 11.3
Dodging        | 2 4 6 7 8 9 10 11 | 11.5
Invocations    | 3 5 7 9 11 12 13 | 13.4
Evocations     | 4 7 |  7.0
Unarmed Combat | |  2.6
Spellcasting   | |  2.0
Transmutations | |  1.7

Action                   |  1- 3 |  4- 6 |  7- 9 | 10-12 | 13-15 | 16-18 || total
-------------------------+-------+-------+-------+-------+-------+-------++-------
Melee: Unarmed           |    20 |       |       |       |       |       ||    20
       Short sword       |   124 |     5 |       |       |       |       ||   129
       Punch             |     1 |       |       |       |       |       ||     1
       Mace              |       |   365 |   204 |       |       |       ||   569
       Kick              |       |     1 |     2 |       |       |       ||     3
       Shillelagh        |       |       |   149 |   441 |  1285 |   590 ||  2465
       Eveningstar       |       |       |       |       |       |    52 ||    52
 Fire: Hunting sling     |       |    14 |       |       |       |       ||    14
Throw: Dart              |    10 |    17 |     9 |       |       |       ||    36
       Stone             |     2 |     1 |     1 |       |       |       ||     4
 Cast: Beastly Appendage |       |     1 |     2 |       |       |       ||     3
       Necromutation     |       |       |       |       |       |     3 ||     3
Invok: Divine Exegesis   |       |       |       |       |       |     3 ||     3
Evoke: Wand              |       |       |       |     2 |       |     1 ||     3
  Use: Scroll            |       |     3 |     9 |     5 |    14 |     4 ||    35
       Potion            |       |     8 |       |     7 |     2 |     4 ||    21
 Stab: Sleeping          |     1 |       |     2 |       |       |       ||     3
       Invisible         |       |       |       |     5 |       |    12 ||    17
  Eat: Chunk             |     2 |    13 |    11 |    14 |    23 |     5 ||    68
       Ration            |       |       |     2 |     2 |     2 |     3 ||     9
Armor: Robe              |    17 |       |       |       |       |       ||    17
       Ring mail         |    46 |   252 |    97 |     8 |       |       ||   403
       Chain mail        |       |       |    38 |   323 |   535 |   324 ||  1220
       Swamp dragon scal |       |       |       |       |       |   123 ||   123
Dodge: Dodged            |    79 |   261 |   152 |   255 |   623 |   484 ||  1854
Block: Buckler           |    22 |   106 |    59 |   101 |   386 |   364 ||  1038
       Reflection        |       |       |       |       |     9 |     4 ||    13

Table legend:
 A = Non-vault XP
 B = Vault XP
 C = Vault XP percentage of total XP
 D = Non-vault monster count
 E = Vault monster count
 F = Vault count percentage of total count
                 A         B        C        D         E       F
            +---------+---------+-------+---------+---------+-------
      Total |  114654 |   90945 |  44.2 |     585 |     346 |  37.2
            +---------+---------+-------+---------+---------+-------
        D:1 |      38 |       0 |   0.0 |      20 |       0 |   0.0
        D:2 |      86 |      38 |  30.6 |      35 |       2 |   5.4
        D:3 |      74 |     189 |  71.9 |      19 |      22 |  53.7
        D:4 |     667 |       0 |   0.0 |      19 |       0 |   0.0
        D:5 |     229 |       0 |   0.0 |       8 |       0 |   0.0
        D:6 |     635 |       0 |   0.0 |      11 |       0 |   0.0
        D:7 |     282 |      13 |   4.4 |       5 |       1 |  16.7
        D:8 |    1737 |     950 |  35.4 |      39 |       1 |   2.5
        D:9 |    3277 |     149 |   4.3 |      26 |       5 |  16.1
       D:10 |    2340 |     328 |  12.3 |      13 |       1 |   7.1
       D:11 |    4416 |    1609 |  26.7 |      30 |      28 |  48.3
       D:12 |    2981 |    1039 |  25.8 |      22 |       8 |  26.7
       D:13 |    3250 |       0 |   0.0 |      15 |       0 |   0.0
       D:14 |    6497 |   12660 |  66.1 |      18 |      28 |  60.9
       D:15 |    6669 |    4348 |  39.5 |      22 |       4 |  15.4
     Lair:1 |    3968 |      59 |   1.5 |      22 |       1 |   4.3
     Lair:2 |    4338 |    2631 |  37.8 |      21 |      16 |  43.2
     Lair:3 |    2419 |    2864 |  54.2 |       9 |       1 |  10.0
     Lair:4 |    3580 |       0 |   0.0 |      16 |       0 |   0.0
     Lair:5 |    7142 |    8850 |  55.3 |      26 |      48 |  64.9
     Lair:6 |    9469 |   15530 |  62.1 |      26 |      59 |  69.4
    Swamp:1 |   13439 |       0 |   0.0 |      35 |       0 |   0.0
    Swamp:2 |   17294 |    1987 |  10.3 |      47 |       2 |   4.1
    Swamp:3 |   12542 |    2803 |  18.3 |      31 |       6 |  16.2
    Swamp:4 |    4624 |    7557 |  62.0 |      13 |      15 |  53.6
      Orc:1 |    1676 |       0 |   0.0 |      16 |       0 |   0.0
      Orc:2 |     985 |   19258 |  95.1 |      21 |      44 |  67.7
    Ossuary |       0 |      71 | 100.0 |       0 |      24 | 100.0
      IceCv |       0 |    3101 | 100.0 |       0 |      11 | 100.0
   Gauntlet |       0 |    4911 | 100.0 |       0 |      19 | 100.0
            +---------+---------+-------+---------+---------+-------

Levels and vault maps discovered:
D:1:      denvon_arrival_waterhouse, layout_basic, chequers_avenue, st_stairs_8,
          glass_columns_a
D:2:      layout_rooms, kennysheep_generic_room_10, uniq_terence
D:3:      kennysheep_goblin_castle, layout_basic, uniq_purgy,
          uniq_crazy_yiuf_cottage
D:4:      layout_basic
D:5:      layout_loops_cross, gammafunk_ghost_stat_death, first_ration,
          water_boxes_lemuel
D:6:      layout_basic, minmay_temple_entry_overgrown
D:7:      layout_basic, vehumet_crystals, chequers_ossuary_entry_cave,
          hangedman_decor_clover_reticule, kennysheep_windowed_goal
D:8:      layout_layer_cave, lair_entry_dummy, serial_shops, shop, uniq_harold
D:9:      layout_loops_cross, gammafunk_temple_overflow_claw,
          nemelex_xobeh_ov_fountains_minmay, david_orc_2
D:10:     layout_rooms, hangedman_fish_farm, kennysheep_crisscross,
          lemuel_altar_in_water
D:11:     layout_cave_pools, special_room [special_room_orc], serial_undead,
          serial_undead_e, serial_undead_a, serial_undead_f, serial_undead_a,
          minmay_misc_feat_alley, hangedman_abyss_or_decor_passed,
          amethyst_killhole
D:12:     layout_roguey, portal_ice_cave_entry_ice_beasts
D:13:     layout_basic
D:14:     four-leaf_vault, layout_cave_pods, lightli_vaults_fourway_checkpoint,
          serial_shops, shop, nicolae_two_hexagons
D:15:     grunt_enter_depths_snipers, layout_loops_cross, chequers_jeans,
          uniq_nessos
Temple:   minmay_crystal_spiral_temple
Lair:1:   layout_loops_ring
Lair:2:   layout_hall_layers, swamp_mist, nicolae_spider_entry_tight_spaces,
          special_room [special_room_bee], lemuel_oklob_altar
Lair:3:   layout_regular_city, pf_torpor_hydra, lemuel_fruit_fields, uniq_rupert
Lair:4:   layout_cave_pods, infiniplex_staircase_pool_2
Lair:5:   layout_roguey, gauntlet_entry_generic, zaba_anthell,
          grunt_megastairs_3
Lair:6:   minmay_lair_end_frog_pond, layout_regular_city, slime_altar_1,
          ice2_lemuel
Swamp:1:  layout_basic_swamp, ebering_ghost_xom, evilmike_swamp_ruin_rubble_2
Swamp:2:  layout_basic_swamp, evilmike_swamp_ruin_house_6, swamp_pool1
Swamp:3:  layout_basic_swamp, hangedman_swamp_lotus, swamp_pool5, st_swamp_mini
Swamp:4:  swamp_fiery, layout_basic_swamp, gammafunk_ghost_berserking_beasts,
          swamp_pool1, hangedman_swamp_blocks, infiniplex_staircase_pool
Orc:1:    layout_caves, serial_shops,
          nicolae_shop_temple_entry_statues_fountains
Orc:2:    st_orc_ogre_mass, layout_diamond_mine, david_defended_altar_orc
